 Dungeon Crawl Stone Soup version 0.28-a0-472-g50180c0d78 (webtiles) character file.

Game seed: 8141075551759870311

178 Jawa73 the Skirmisher (level 5, -3/42 HPs)
             Began as a Formicid Abyssal Knight on Sept 15, 2021.
             Was a Follower of Lugonu.
             Slain by a gnoll (8 damage)
             ... on level 3 of the Dungeon.
             The game lasted 00:09:55 (3075 turns).

Jawa73 the Skirmisher (Formicid Abyssal Knight)     Turns: 3075, Time: 00:09:55

Health: -3/42      AC:  6    Str: 17    XL:     5   Next: 89%
Magic:  7/7        EV: 14    Int: 12    God:    Lugonu [*.....]
Gold:   133        SH:  3    Dex: 10    Spells: 4/4 levels left

rFire   . . .      SeeInvis +   a - +1 spear
rCold   + . .      Faith    .   d - +0 buckler
rNeg    . . .      Spirit   .   l - +1 ring mail {rC+}
rPois   .          Reflect  .   (helmet unavailable)
rElec   .          Harm     .   (no cloak)
rCorr   .          Rampage  .   (no gloves)
Will    .....                   (no boots)
Stlth   ..........              (no amulet)
HPRegen 0.14/turn               h - +4 ring of evasion
MPRegen 0.10/turn               (no ring)

@: no status effects
A: permanent stasis, dig shafts and tunnels, antennae 3, four strong arms
a: Dig, Shaft Self, Renounce Religion, Depart the Abyss


You were on level 3 of the Dungeon.
You worshipped Lugonu.
Lugonu was aware of your devotion.
You visited 1 branch of the dungeon, and saw 4 of its levels.
You visited the Abyss 1 time.

You collected 133 gold pieces.

Inventory:

Hand Weapons
 a - a +1 spear (weapon)
 f - a +6 vorpal hand axe
Missiles
 c - 14 atropa-tipped darts (quivered)
Armour
 d - a +0 buckler (worn)
 l - a +1 ring mail of cold resistance (worn)
Jewellery
 h - a +4 ring of evasion (left hand)
Wands
 j - a wand of paralysis (6)
Scrolls
 e - 2 scrolls of fog
 g - a scroll of magic mapping
 i - 2 scrolls of amnesia
 k - a scroll of torment


   Skills:
 + Level 4.3 Fighting
 * Level 3.5 Polearms
 * Level 3.2 Armour
 - Level 1.0 Dodging
 * Level 1.5 Shields
 * Level 3.2 Invocations


You had 4 spell levels left.
You didn't know any spells.
Your spell library contained the following spells:

 Spells                   Type           Power      Damage    Failure   Level
 Animate Skeleton         Necr           0%         N/A       56%         1
 Pain                     Necr           0%         1d4       56%         1
 Scorch                   Fire           0%         2d5       71%         2
 Vampiric Draining        Necr           0%         2d6       91%         3
 Flame Wave               Conj/Fire      0%         3d3       100%        4
 Summon Cactus Giant      Summ           0%         N/A       100%        6


Dungeon Overview and Level Annotations

Branches:
Dungeon (4/15)
 Temple: D:4-7

Altars:
Yredelemnul


Innate Abilities, Weirdness & Mutations

You cannot be hasted, slowed, berserked, paralysed or teleported.
You can dig through walls and to a lower floor.
You have a pair of large antennae on your head. (SInv)
Your four strong arms can wield two-handed weapons with a shield.


Message History

You see here a +0 flail.
A quokka comes into view.
The gnoll barely misses you.
You barely miss the gnoll. You hit the gnoll.
The gnoll is lightly wounded.
The gnoll hits you with a +0 flail. The gnoll hits you with a +0 flail!
You hit the gnoll.
The gnoll is severely wounded.
The gnoll barely misses you.
You hit the gnoll.
The gnoll is almost dead.
You hit the gnoll.
You kill the gnoll!
Lugonu accepts your kill.
You hit the gnoll but do no damage. You block the gnoll's attack.
You hit the gnoll but do no damage. The gnoll barely misses you.
You hit the gnoll but do no damage. The gnoll closely misses you.
You hit the gnoll.
The gnoll is moderately wounded.
The gnoll hits you with a +0 flail.
You hit the gnoll.
The gnoll is severely wounded.
The gnoll hits you with a +0 flail.
* * * LOW HITPOINT WARNING * * *
You hit the gnoll but do no damage.
The gnoll is severely wounded.
You block the gnoll's attack.
You hit the gnoll but do no damage.
The gnoll is severely wounded.
The gnoll hits you with a +0 flail.
* * * LOW HITPOINT WARNING * * *
You closely miss the gnoll.
The gnoll is severely wounded.
The gnoll hits you with a +0 flail.
* * * LOW HITPOINT WARNING * * *
You barely miss the gnoll.
The gnoll is severely wounded.
The gnoll hits you with a +0 flail!
You die...

##.#{{{ ...## . ...
{.... #. #.# #..
#.#####.# ##.#
#.......#######..#
#..............).#
#..........####g##
#..>.....##.@####
#...........##≈P♣
....>........#..'†♣
♣
####.........##..≈♣
♣≈
#.........##.#♣≈♣≈♣#
#.........##.♣#♣≈$≈♣
#.........#..≈♣#♣≈♣
...........†..≈♣♣≈♣#
#
...#+#.......#.≈†♣#


You could see a gnoll.

Vanquished Creatures
  Jessica (D:2)
  Ijyb (D:3)
  Terence (D:3)
  Robin (D:2)
  2 gnolls (D:3)
  2 adders (D:3)
  A dart slug (D:2)
  7 endoplasms
  A giant cockroach (D:2)
  6 goblins (D:2)
  6 hobgoblins
  2 kobolds
  4 quokkas
  5 ball pythons
  6 bats
  A frilled lizard (D:2)
  4 rats
51 creatures vanquished.

Vanquished Creatures (others)
  A plant (D:3)
1 creature vanquished.

Grand Total: 52 creatures vanquished

Notes
Turn   | Place    | Note
-------+----------+-------------------------------------------
     0 | Abyss:1  | Jawa73 the Formicid Abyssal Knight began the quest for the
                  | Orb.
     0 | Abyss:1  | Reached XP level 1. HP: 18/18 MP: 2/2
    39 | Abyss:1  | Noticed a large abomination
    42 | Abyss:1  | Noticed a raiju
    43 | Abyss:1  | Noticed a raiju
    45 | D:1      | Escaped the Abyss
   302 | D:1      | Reached skill level 1 in Dodging
   318 | D:1      | Reached XP level 2. HP: 17/24 MP: 3/3
   763 | D:1      | Found a faded altar of an unknown god.
  1364 | D:2      | Noticed Jessica
  1392 | D:2      | Reached XP level 3. HP: 12/30 MP: 4/4
  1403 | D:2      | Killed Jessica
  1407 | D:2      | Reached * piety under Lugonu
  1408 | D:2      | Reached skill level 4 in Fighting
  1408 | D:2      | Reached XP level 4. HP: 12/37 MP: 4/6
  1665 | D:2      | Noticed Robin
  1684 | D:2      | Killed Robin
  2088 | D:2      | You fall into a shaft and drop 2 floors!
  2104 | D:4      | Noticed a scorpion
  2236 | D:3      | Reached skill level 1 in Shields
  2245 | D:3      | Noticed Ijyb
  2278 | D:3      | Killed Ijyb
  2279 | D:3      | Reached XP level 5. HP: 33/42 MP: 7/7
  2440 | D:2      | Found a basalt altar of Yredelemnul.
  2705 | D:3      | Found a basalt altar of Yredelemnul.
  2713 | D:3      | Noticed Terence
  2738 | D:3      | Killed Terence
  3075 | D:3      | Slain by a gnoll

Illustrated notes

Levels and vault maps discovered:
D:1:      roderic_chinese_lattice_arrival, layout_loops_corners,
          chequers_ecumenical_altar_simple, grunt_decor_cap, minmay_vboxes
D:2:      layout_loops_ring, basic_altar, feat_on_display, uniq_robin,
          uniq_jessica
D:3:      minmay_thinvault, layout_basic, nicolae_overflow_crystal_walls,
          mainiacjoe_overflow_swirl, saegor_snake_ambush, uniq_natasha,
          uniq_ijyb, uniq_terence
D:4:      layout_loops_cross, minmay_temple_entry_offerings,
          minmay_misc_feat_ornament, minmay_fractal_squares_5

Skill      XL: |  1  2  3  4 |
---------------+-------------+-----
Dodging        | 1 |  1.0
Fighting       | 4 |  4.3
Shields        | 1 |  1.5
Polearms       | 3 |  3.5
Armour         | 3 |  3.2
Invocations    | 3 |  3.2

Action                   |  1- 3 |  4- 6 || total
-------------------------+-------+-------++-------
Melee: Spear             |    80 |   160 ||   240
Throw: Dart              |     1 |       ||     1
Invok: Depart the Abyss  |     1 |       ||     1
 Abil: Dig               |       |    13 ||    13
  Use: Scroll            |     4 |     1 ||     5
       Potion            |     1 |     1 ||     2
Armor: Leather armour    |    10 |    24 ||    34
       Ring mail         |       |    10 ||    10
Dodge: Dodged            |    30 |   117 ||   147
Block: Buckler           |     3 |    19 ||    22

Table legend: (Time is in decaauts)
 A = Elapsed time spent in this place.
 B = Non-inter-level travel time spent in this place.
 C = Inter-level travel time spent in this place.
 D = Time resting spent in this place.
 E = Time spent auto-exploring this place.
 F = Levels seen in this place.
 G = Mean time per level.
                   A        B        C        D        E       F      G
               +--------+--------+--------+--------+--------+-----+--------+
         Total |   3082 |   3043 |     39 |      3 |   2341 |   5 |  616.4 |
       Dungeon |   3037 |   2998 |     39 |      3 |   2328 |   4 |  759.2 |
         Abyss |     45 |     45 |      0 |      0 |     13 |   1 |   45.0 |
               +--------+--------+--------+--------+--------+-----+--------+

Top non-repeatable levels by time:
     D:1: 1282 daAuts
     D:2: 1006 daAuts
     D:3: 723 daAuts
 Abyss:1: 45 daAuts
     D:4: 25 daAuts
